 Dungeon Crawl Stone Soup version 0.24-a0-282-g1a68c91 (webtiles) character file.

Game seed: 8609341631294004464

1130 Ijustatesigmund the Cudgeler (level 8, -2/57 HPs)
             Began as an Octopode Fighter on May 3, 2019.
             Slain by a sky beast (3 damage)
             ... on level 6 of the Dungeon.
             The game lasted 00:08:26 (5175 turns).

Ijustatesigmund the Cudgeler (Octopode Fighter)     Turns: 5175, Time: 00:08:27

Health: -2/57      AC:  1    Str: 16    XL:     8   Next: 36%
Magic:  8/8        EV: 13    Int: 10    God:
Gold:   260        SH: 10    Dex: 13    Spells: 7/7 levels left

rFire    . . .     SeeInvis .   a - +1 flail
rCold    . . .     Gourm    .   b - +1 shield
rNeg     . . .     Faith    .   s - +0 hat {MR+}
rPois    .         Spirit   .   (no amulet)
rElec    .         Reflect  .   q - ring of protection from magic
rCorr    .         Harm     .   (no ring)
MR       ++...                  (no ring)
Stlth    +++.......             (no ring)
HPRegen  0.19/turn              (no ring)
MPRegen  0.11/turn              (no ring)
                                (no ring)
                                (no ring)

@: no status effects
A: almost no armour, stealthy swim, amphibious, 8 rings, constrict 8, camouflage
1, gelatinous body 1
a: no special abilities


You were on level 6 of the Dungeon.
You were not hungry.

You visited 1 branch of the dungeon, and saw 6 of its levels.

You collected 260 gold pieces.

Inventory:

Hand Weapons
 a - a +1 flail (weapon)
Armour
 b - a +1 shield (worn)
 s - a +0 hat of magic resistance (worn)
Jewellery
 q - a ring of protection from magic (left tentacle)
Wands
 i - a wand of enslavement (5)
 o - a wand of acid (9)
 p - a wand of iceblast (4)
Scrolls
 f - 3 scrolls of remove curse
 n - 2 scrolls of enchant armour
 t - a scroll of identify
Potions
 c - 2 potions of might
 e - 3 potions of agility
 g - 2 potions of brilliance
 h - a potion of berserk rage
 j - a potion of flight
 k - a potion of resistance
 l - a potion of heal wounds
 m - 5 potions of curing
 r - a potion of lignification {unknown}
Comestibles
 d - 10 rations


   Skills:
 + Level 5.8 Fighting
 + Level 6.3 Maces & Flails
 + Level 4.7 Dodging
 - Level 2.1 Stealth
 + Level 4.7 Shields


You had 7 spell levels left.
You didn't know any spells.
Your spell library was empty.

Dungeon Overview and Level Annotations

Branches:
Dungeon (6/15)             Temple (0/1) D:5

Altars:
Hepliaklqana
Kikubaaqudgha
Okawaru
Vehumet


Innate Abilities, Weirdness & Mutations

You cannot wear most types of armour.
You are very stealthy in the water. (Stealth+)
You are amphibious.
You can wear up to eight rings at the same time.
You can use your tentacles to constrict eight enemies at once.
Your skin changes colour to match your surroundings (Stealth+).
Your rubbery body absorbs attacks. (AC +1, EV +1)


Message History

You thump something! Something hits you. Something shocks you.
You miss something. Something hits you. Something shocks you.
You barely miss something. Something hits you. Something shocks you.
You miss something. Something hits you. Something shocks you.
* * * LOW HITPOINT WARNING * * *
You miss something. Something hits you.
* * * LOW HITPOINT WARNING * * *
Something shocks you.
* * * LOW HITPOINT WARNING * * *
Something barely misses you.
You closely miss something. You squeeze something.
Something hits you but does no damage.
You sock something! Something hits you.
* * * LOW HITPOINT WARNING * * *
Something shocks you.
* * * LOW HITPOINT WARNING * * *
You miss something. You squeeze something.
Something hits you but does no damage.
You closely miss something. Something hits you.
You die...

#..#.#..##.#.# #.##.#
#.... #.#..##.#.# #.##.#
#.... .... #. #.##.#
#.#.# ... #.#+###.##.#
#.#.. ... #.......##.#
#.... ..# #.......##.#
#..###.. ..#
..##.......##.# #.......
..+ ...........##.#
#.....#. ..#
.......@...##.# #.....##
<.# .......{...##.#
#.....## ..#
...........##.# #.....##
..# ...........##.#
#.....## ..#
.#.#.......##.###.......
..#...
#.#.#####.#............
....... #
#.#####.#####......##
##.....
#.#.........'........ #
.....#
#........##...#####


There were no monsters in sight!

Vanquished Creatures
  Prince Ribbit (D:5)
  An ice beast (D:6)
  A phantom (D:5)
  A centaur (D:6)
  A bullfrog (D:6)
  A scorpion (D:5)
  A howler monkey (D:5)
  3 crimson imps
  A hound (D:4)
  2 jellies
  Terence (D:2)
  An iguana (D:4)
  3 worker ants
  A hound skeleton (D:3)
  6 adders
  An ooze (D:6)
  3 adder skeletons
  5 worms
  4 dart slugs
  7 leopard geckos
  7 orcs
  5 bats
  7 giant cockroaches
  8 goblins
  6 hobgoblins
  12 jackals
  2 quokkas
  9 frilled lizards
  8 kobolds
  A leopard gecko skeleton (D:4)
  8 rats
118 creatures vanquished.

Notes
Turn   | Place    | Note
-------+----------+-------------------------------------------
     0 | D:1      | Ijustatesigmund the Octopode Fighter began the quest for
                  | the Orb.
     0 | D:1      | Reached XP level 1. HP: 16/16 MP: 1/1
   107 | D:1      | Reached XP level 2. HP: 20/21 MP: 2/2
   553 | D:1      | Reached skill level 3 in Maces & Flails
   554 | D:1      | Reached XP level 3. HP: 26/26 MP: 3/3
   778 | D:2      | Found a faded altar of an unknown god.
   824 | D:2      | Reached XP level 4. HP: 29/32 MP: 4/4
  1372 | D:2      | Noticed Terence
  1384 | D:2      | Killed Terence
  1384 | D:2      | Reached skill level 4 in Maces & Flails
  1402 | D:2      | Reached XP level 5. HP: 17/37 MP: 5/5
  1798 | D:3      | Found a hazy altar of Hepliaklqana.
  2773 | D:4      | Reached skill level 5 in Maces & Flails
  2773 | D:4      | Reached XP level 6. HP: 44/44 MP: 6/6
  3271 | D:4      | Found a radiant altar of Vehumet.
  3271 | D:4      | Found an iron altar of Okawaru.
  3309 | D:5      | Entered Level 5 of the Dungeon
  3371 | D:5      | Reached skill level 1 in Stealth
  3830 | D:5      | Found a staircase to the Ecumenical Temple.
  3944 | D:5      | Found an ancient bone altar of Kikubaaqudgha.
  4010 | D:5      | Reached XP level 7. HP: 36/49 MP: 7/7
  4243 | D:5      | Noticed Prince Ribbit
  4248 | D:5      | Killed Prince Ribbit
  4248 | D:5      | Reached skill level 5 in Fighting
  4774 | D:6      | Reached skill level 6 in Maces & Flails
  4774 | D:6      | Reached XP level 8. HP: 52/56 MP: 8/8
  5173 | D:6      | HP: 1/57 [something (5)]
  5175 | D:6      | Slain by a sky beast

Levels and vault maps discovered:
D:1:      psy_arrival_conway, layout_loops_corners
D:2:      minmay_diamond_boxcup, layout_basic,
          chequers_ecumenical_altar_simple_redux, uniq_terence
D:3:      layout_basic, overflow_temple_1_default, kennysheep_generic_room_2
D:4:      layout_rooms, gammafunk_temple_overflow_elements
D:5:      layout_basic, overflow_temple_1_default, temple_fountains,
          first_ration, minmay_misc_feat_tower, corner_web_ring,
          uniq_prince_ribbit1
D:6:      layout_basic, minmay_lizard_king

Skill      XL: |  1  2  3  4  5  6  7 |
---------------+----------------------+-----
Maces & Flails | 3 4 5 6 |  6.3
Fighting       | 4 5 |  5.8
Stealth        | 1 2 |  2.1
Dodging        | 4 |  4.7
Shields        | 4 |  4.7

Action                   |  1- 3 |  4- 6 |  7- 9 || total
-------------------------+-------+-------+-------++-------
Melee: Flail             |    45 |   173 |    61 ||   279
       Constrict         |     7 |    48 |     6 ||    61
       Tentacles         |     1 |    23 |    17 ||    41
Evoke: Wand              |       |     1 |     3 ||     4
  Use: Scroll            |     2 |    11 |     2 ||    15
 Stab: Sleeping          |     7 |    11 |       ||    18
       Distracted        |       |     1 |       ||     1
  Eat: Chunk             |       |     9 |     1 ||    10
       Ration            |       |       |     1 ||     1
Armor: Skin              |     2 |    10 |     4 ||    16
Dodge: Dodged            |    17 |    71 |    21 ||   109
Block: Shield            |    15 |    81 |    27 ||   123

Table legend:
 A = Non-vault XP
 B = Vault XP
 C = Vault XP percentage of total XP
 D = Non-vault monster count
 E = Vault monster count
 F = Vault count percentage of total count
                 A         B        C        D         E       F
            +---------+---------+-------+---------+---------+-------
      Total |    1274 |     341 |  21.1 |     107 |      11 |   9.3
            +---------+---------+-------+---------+---------+-------
        D:1 |      35 |       0 |   0.0 |      15 |       0 |   0.0
        D:2 |      94 |      53 |  36.1 |      28 |       9 |  24.3
        D:3 |      98 |       2 |   2.0 |      27 |       1 |   3.6
        D:4 |     164 |       0 |   0.0 |      17 |       0 |   0.0
        D:5 |     438 |     286 |  39.5 |      11 |       1 |   8.3
        D:6 |     445 |       0 |   0.0 |       9 |       0 |   0.0
            +---------+---------+-------+---------+---------+-------
